 Dungeon Crawl Stone Soup version 0.19.1 (webtiles) character file.

25 Chiseanne the Skirmisher (level 2, -1/23 HPs)
             Began as a Mummy Warper on Dec 4, 2016.
             Slain by an adder (4 damage)
             ... on level 2 of the Dungeon.
             The game lasted 00:03:05 (1875 turns).

Chiseanne the Skirmisher (Mummy Warper)             Turns: 1875, Time: 00:03:06

Health: -1/23      AC:  3    Str: 14    XL:     2   Next: 86%
Magic:  4/5        EV: 12    Int: 12    God:
Gold:   63         SH:  0    Dex: 11    Spells: 2 memorised, 1 level left

rFire  x . .     SeeInvis .     a - +0 hand axe
rCold  + . .     Gourm    .     b - +0 leather armour
rNeg   + + +     Faith    .     (no shield)
rPois  ∞         Spirit   .     (no helmet)
rElec  .         Reflect  .     (no cloak)
rCorr  .         Harm     .     (no gloves)
MR     .....                    (no boots)
Stlth  +.........               (no amulet)
                                (no ring)
                                (no ring)

@: no status effects
A: no food or potions, fire vulnerability, cold resistance 1, negative energy
resistance 3, torment resistance, unbreathing
a: no special abilities


You were on level 2 of the Dungeon.
You were not hungry.

You visited 1 branch of the dungeon, and saw 2 of its levels.

You collected 63 gold pieces.

Inventory:

Hand Weapons
 a - a +0 hand axe (weapon)
Missiles
 e - a tomahawk of dispersal (quivered)
 f - 12 bolts
 g - 21 arrows
 i - 21 stones
Armour
 b - a +0 leather armour (worn)
Scrolls
 d - a scroll of blinking
Books
 c - a book of Spatial Translocations

   Spells                             Type                      Level
   a - Blink                          Translocation                2
   b - Shroud of Golubria             Charms/Translocation         2
   c - Lesser Beckoning               Translocation                3
   d - Portal Projectile              Translocation                3
   e - Teleport Other                 Translocation                3
   f - Passage of Golubria            Translocation                4


   Skills:
 * Level 2.7 Fighting
 - Level 1.5 Axes
 - Level 0.7 Throwing
 - Level 0.7 Armour
 * Level 1.9 Dodging
 * Level 2.3 Spellcasting
 * Level 2.4 Translocations


You had one spell level left.
You knew the following spells:

 Your Spells              Type           Power        Failure   Level  Hunger
a - Blink                 Tloc           N/A          21%         2    N/A
b - Shroud of Golubria    Chrm/Tloc      #.........   34%         2    N/A

Dungeon Overview and Level Annotations

Branches:
Dungeon (2/15)

Altars:


Innate Abilities, Weirdness & Mutations

You do not eat or drink.
Your flesh is vulnerable to fire.
You are immune to poison.
Your flesh is cold resistant. (rC+)
You are immune to negative energy. (rN+++)
You are immune to unholy pain and torment.
You can survive without breathing.


Message History

You closely miss the adder.
The adder is heavily wounded.
The adder barely misses you. x2
You completely miss the adder.
The adder is heavily wounded.
The adder barely misses you.
You barely miss the adder.
The adder is heavily wounded.
The adder closely misses you. x2
Okay, then.
Cast which spell? (? or * to list)
You blink.
The goblin throws a stone.
The stone completely misses you.
Okay, then.
The goblin throws a stone.
The stone hits you.
* * * LOW HITPOINT WARNING * * *
You see here a stone.
The goblin throws a stone.
The stone misses you.
There is a stone staircase leading up here.
The adder bites you.
You die...

#... ...# #....#..#
######....#..#
#........##..#
#..[.....##..#
#........##..#####
#........##..#...#
#.........gK.#.#.#
#...(....###.S@#.#
#?..).g..# #...#.#
#...((..S# #...#.#
#...(..(.####..#.####
#####....#....>.....#
#....#..........#
#....#..........#
#....#####.###.##
#.#### ### #.#


You could see an adder, a goblin and a kobold.

Vanquished Creatures
  2 leopard geckos (D:1)
  2 ball pythons (D:1)
  3 bats (D:1)
  2 giant cockroaches (D:1)
  2 hobgoblins (D:1)
  A frilled lizard (D:1)
  2 goblins (D:1)
  4 kobolds
  6 rats (D:1)
24 creatures vanquished.

Notes
Turn   | Place    | Note
-------+----------+-------------------------------------------
     0 | D:1      | Chiseanne the Mummy Warper began the quest for the Orb.
     0 | D:1      | Reached XP level 1. HP: 16/16 MP: 3/3
   474 | D:1      | Reached XP level 2. HP: 20/23 MP: 5/5
   700 | D:1      | HP: 1/23 [leopard gecko (1)]
  1749 | D:1      | Learned a level 2 spell: Blink
  1752 | D:1      | Learned a level 2 spell: Shroud of Golubria
  1875 | D:2      | Slain by an adder

Action                   || total
-------------------------++-------
Melee: Hand axe          ||   119
Throw: Tomahawk          ||     4
 Cast: Blink             ||     1
  Use: Scroll            ||     4
 Stab: Sleeping          ||     1
Armor: Leather armour    ||    31
Dodge: Dodged            ||    97
